 Dungeon Crawl Stone Soup version 0.28-a0-1002-gf00fe891ef (webtiles) character file.

Game seed: 16692320032159563966

1865 r3xj the Basher (level 8, -13/64 HPs)
             Began as a Minotaur Berserker on Dec 6, 2021.
             Was a Priest of Trog.
             Engulfed by a cloud of freezing vapour (25 damage)
             ... on level 5 of the Dungeon.
             The game lasted 00:14:18 (6599 turns).

r3xj the Basher (Minotaur Berserker)                Turns: 6599, Time: 00:14:18

Health: -13/64     AC:  9    Str: 22    XL:     8   Next: 90%
Magic:  16/16      EV:  8    Int:  4    God:    Trog [***...]
Gold:   136        SH:  0    Dex: 12    Spells: 7/7 levels left

rFire   . . .      SeeInvis .   s - +2 mace (protect)
rCold   . . .      Faith    .   (no shield)
rNeg    . . .      Spirit   .   l - +0 chain mail
rPois   .          Reflect  .   (helmet restricted)
rElec   .          Harm     .   (no cloak)
rCorr   .          Rampage  .   (no gloves)
Will    .....                   m - +0 pair of boots
Stlth   ..........              (no amulet)
HPRegen 0.20/turn               x - ring of magical power
MPRegen 0.15/turn               (no ring)

@: no status effects
A: horns 2, retaliatory headbutt
a: Renounce Religion, Berserk, Trog's Hand


You were on level 5 of the Dungeon.
You worshipped Trog.
Trog was most pleased with you.
You visited 1 branch of the dungeon, and saw 5 of its levels.

You collected 240 gold pieces.
You spent 104 gold pieces at shops.

Inventory:

Hand Weapons
 a - a +0 mace
 n - a +0 war axe
 o - a +1 whip of venom
 s - a +2 mace of protection (weapon)
 u - a +0 flail
Missiles
 g - 6 silver javelins (quivered)
 h - 143 stones
 t - 57 sling bullets
Armour
 l - a +0 chain mail (worn)
 m - a +0 pair of boots (worn)
Jewellery
 x - a ring of magical power (left hand)
Wands
 r - a wand of flame (16)
Scrolls
 b - 2 scrolls of teleportation
 c - a scroll of torment
 f - 2 scrolls of noise
 i - a scroll of fear
 j - 2 scrolls of amnesia
 k - a scroll of vulnerability
 p - 2 scrolls of magic mapping {unknown}
 v - a scroll of identify
 y - a scroll of silence {unknown}
Potions
 d - a potion of mutation
 e - a potion of haste
 q - 2 potions of curing
 w - 2 potions of might


   Skills:
 - Level 3.6 Fighting
 + Level 13.9 Maces & Flails
 - Level 2.4 Armour
 - Level 2.1 Dodging
 - Level 1.1 Stealth


You had 7 spell levels left.
You didn't know any spells.
Your spell library was empty.

Dungeon Overview and Level Annotations

Branches:
Dungeon (5/15)
 Temple: D:4-7

Altars:
Cheibriados
Elyvilon
Fedhas
Hepliaklqana
Nemelex Xobeh
Okawaru
Qazlal
Ru
Sif Muna
Uskayaw
Wu Jian
Yredelemnul

Shops:
D:1 ?


Innate Abilities, Weirdness & Mutations

You have a pair of horns on your head.
You reflexively headbutt those who attack you in melee.


Message History

You hit the white imp.
You kill the white imp!
Trog accepts your kill.
You start resting.
You feel yourself speed up.
You start resting.
You recover from your berserk rage.
HP restored.
There is a stone staircase leading up here.
You open the door.
There is an open door here.
Key pressed, stopping explore.
There is a stone staircase leading up here.
Key pressed, stopping explore.
Key pressed, stopping explore.
You open the door.
There is an open door here.
There is an open door here.
Partly explored, can't reach some items.
Partly explored, can't reach some items.
Partly explored, can't reach some items.
Partly explored, can't reach some items.
Partly explored, can't reach some items.
Search for what [Enter for "."]? .
Things that are here:
a +0 dagger; a +0 leather armour
Things that are here:
a +0 dagger; a +0 robe; 23 arrows
Press: ? - help, v - describe, . - travel The floor.
There is a cloud of freezing vapour here.
You open the door.
There is an open door here.
You are engulfed in freezing vapours.
You are engulfed in freezing vapours.
You start resting.
You are engulfed in freezing vapours.
* * * LOW HITPOINT WARNING * * *
You are engulfed in freezing vapours.
You die...

+###+###.# ##.§.#..##.#.##......
.........# ##.#§#..##.#.###.....
.........# ##.#§#..##.#.###.....
.........# ##.#§#...............
.........#####.#§#..##.#.###.#...
.###.......###.#§#..##^#.# #.#...
.# #.......###.#§#..##.#.# #.##..
.# #.......###§#§#..##.#.# #.##..
####.......###§#@#..##.#.# #.##..
+..........###§#.#..##.#.# #.##..
#####......###§#.#..##.#.###.#<..
# #......###§#.#..##........... #
###...####§#.#............... #
#...# ##§#.#..###..#.#.#..# #
#...# ##!#.#.......#.#.#..# #...#
##:#.#..###..#.#.#..# #######...#
##)#☼#...............


There were no monsters in sight!

Vanquished Creatures
  Sigmund (D:3)
  Eustachio (D:5)
  A steam dragon (D:5)
  A water moccasin (D:5)
  2 ice beasts (D:5)
  3 black bears (D:5)
  An ogre (D:2)
  A necrophage (D:4)
  A phantom (D:5)
  Blork the orc (D:5)
  A water moccasin zombie (D:5)
  A jelly (D:5)
  4 orc priests
  3 hounds
  3 orc wizards
  3 gnolls
  5 adders
  A shadow imp (D:5)
  A white imp (D:5)
  An ufetubus (D:5)
  A worm (D:2)
  5 dart slugs
  8 orcs
  8 bats
  7 endoplasms
  8 giant cockroaches
  9 hobgoblins
  12 jackals
  8 kobolds
  8 quokkas
  8 ball pythons
  A frilled lizard (D:1)
  6 goblins
  2 rats
127 creatures vanquished.

Notes
Turn   | Place    | Note
-------+----------+-------------------------------------------
     0 | D:1      | r3xj the Minotaur Berserker began the quest for the Orb.
     0 | D:1      | Reached XP level 1. HP: 19/19 MP: 0/0
    30 | D:1      | Found Hoegomem's Magic Scroll Shoppe.
    42 | D:1      | Reached skill level 4 in Maces & Flails
    48 | D:1      | Reached XP level 2. HP: 10/26 MP: 1/1
   645 | D:1      | Reached skill level 5 in Maces & Flails
   650 | D:1      | Reached ** piety under Trog
   651 | D:1      | Reached XP level 3. HP: 8/31 MP: 2/2
  1564 | D:1      | Bought a scroll of identify for 26 gold pieces
  1564 | D:1      | Bought a scroll of identify for 26 gold pieces
  1692 | D:2      | Noticed an ogre
  1699 | D:2      | Killed an ogre
  1700 | D:2      | Reached skill level 6 in Maces & Flails
  1700 | D:2      | Reached skill level 1 in Stealth
  1700 | D:2      | Reached XP level 4. HP: 35/39 MP: 3/3
  1700 | D:2      | Reached XP level 5. HP: 41/45 MP: 4/4
  1762 | D:2      | Found a basalt altar of Yredelemnul.
  1995 | D:2      | Reached skill level 7 in Maces & Flails
  2385 | D:1      | Bought a scroll of identify for 26 gold pieces
  2451 | D:3      | Noticed Sigmund
  2835 | D:3      | Killed Sigmund
  2836 | D:3      | Reached skill level 8 in Maces & Flails
  2836 | D:3      | Reached XP level 6. HP: 51/51 MP: 5/5
  2938 | D:3      | Reached *** piety under Trog
  3234 | D:3      | Found a faded altar of an unknown god.
  3252 | D:3      | Reached skill level 9 in Maces & Flails
  3496 | D:1      | Bought a scroll of identify for 26 gold pieces
  4072 | D:4      | Reached XP level 7. HP: 57/57 MP: 6/6
  4137 | D:4      | Found a stormy altar of Qazlal.
  4139 | D:4      | Found a white marble altar of Elyvilon.
  4140 | D:4      | Found a sparkling altar of Nemelex Xobeh.
  4141 | D:4      | Found a hide-covered altar of Uskayaw.
  4141 | D:4      | Found an iron altar of Okawaru.
  4141 | D:4      | Found a sacrificial altar of Ru.
  4143 | D:4      | Found a shimmering blue altar of Sif Muna.
  4143 | D:4      | Found a snail-covered altar of Cheibriados.
  4143 | D:4      | Found an ornate altar of the Wu Jian Council.
  4375 | D:4      | Reached skill level 10 in Maces & Flails
  4653 | D:5      | Entered Level 5 of the Dungeon
  4768 | D:5      | Noticed Blork the orc
  4774 | D:5      | Killed Blork the orc
  4854 | D:5      | Reached skill level 11 in Maces & Flails
  4957 | D:5      | Reached XP level 8. HP: 35/64 MP: 7/7
  5176 | D:5      | Reached skill level 12 in Maces & Flails
  5610 | D:5      | Found a blossoming altar of Fedhas.
  5612 | D:5      | Found a hazy altar of Hepliaklqana.
  5816 | D:5      | Reached skill level 13 in Maces & Flails
  6068 | D:5      | Noticed Eustachio
  6076 | D:5      | Killed Eustachio
  6599 | D:5      | Engulfed by a cloud of freezing vapour

Illustrated notes

Levels and vault maps discovered:
D:1:      heliophobic_arrival_ceremonial_halls, layout_basic, serial_shops,
          nicolae_shop_window_shopping
D:2:      layout_rooms, basic_altar, chequers_serial_rivers_small_b,
          minmay_pentomino_pile
D:3:      layout_basic, hellmonk_ecumenical_altar_heavens_door, uniq_sigmund
D:4:      layout_loops_corners, nicolae_overflows_in_rows
D:5:      lemuel_ice_spiral_2, layout_basic, grunt_temple_overflow_open,
          uniq_eustachio, uniq_blork_the_orc

Skill      XL: |  1  2  3  4  5  6  7  8 |
---------------+-------------------------+-----
Maces & Flails | 4 5 6 8 9 11 13 | 13.9
Stealth        | 1 |  1.1
Fighting       | |  3.6
Armour         | |  2.4
Dodging        | |  2.1

Action                   |  1- 3 |  4- 6 |  7- 9 || total
-------------------------+-------+-------+-------++-------
Melee: Mace              |    72 |   130 |   102 ||   304
       Headbutt          |    13 |    17 |    26 ||    56
Invok: Berserk           |       |     2 |     6 ||     8
  Use: Scroll            |       |     7 |     3 ||    10
 Stab: Sleeping          |     1 |       |       ||     1
Armor: Animal skin       |    11 |     7 |       ||    18
       Chain mail        |       |    75 |    54 ||   129
Dodge: Dodged            |    49 |    68 |    31 ||   148

Table legend: (Time is in decaauts)
 A = Elapsed time spent in this place.
 B = Non-inter-level travel time spent in this place.
 C = Inter-level travel time spent in this place.
 D = Time resting spent in this place.
 E = Time spent auto-exploring this place.
 F = Levels seen in this place.
 G = Mean time per level.
                   A        B        C        D        E       F      G
               +--------+--------+--------+--------+--------+-----+--------+
         Total |   6692 |   6160 |    532 |   1424 |   3773 |   5 | 1338.4 |
       Dungeon |   6692 |   6160 |    532 |   1424 |   3773 |   5 | 1338.4 |
               +--------+--------+--------+--------+--------+-----+--------+

Top non-repeatable levels by time:
     D:5: 2000 daAuts
     D:1: 1658 daAuts
     D:2: 1142 daAuts
     D:4: 1106 daAuts
     D:3: 785 daAuts
